 Dungeon Crawl Stone Soup version 0.25.0-65-g31bcc41 (webtiles) character file.

2688 Dorkslayer the Blocker (level 9, -5/57 HPs)
             Began as a Gargoyle Fighter on Nov 14, 2020.
             Was an Initiate of Okawaru.
             Slain by a phantasmal warrior (13 damage)
             ... on level 2 of the Dungeon.
             The game lasted 00:04:48 (970 turns).

Dorkslayer the Blocker (Gargoyle Fighter)            Turns: 970, Time: 00:04:49

Health: -5/57      AC: 21    Str: 22    XL:     9   Next: 64%
Magic:  9/9        EV: 10    Int: 14    God:    Okawaru [......]
Gold:   78         SH:  0    Dex: 15    Spells: 8/8 levels left

rFire    . . .     SeeInvis .   a - +0 long sword
rCold    . . .     Gourm    .   c - +0 shield
rNeg     + . .     Faith    .   e - +0 plate armour (curse)
rPois    ∞         Spirit   .   (no helmet)
rElec    +         Reflect  .   b - +1 cloak
rCorr    .         Harm     .   (no gloves)
MR       .....                  (no boots)
Stlth    ..........             (no amulet)
HPRegen  0.19/turn              (no ring)
MPRegen  0.11/turn              (no ring)

@: confused, brilliant, agile, vulnerable, slowed, very slow
A: negative energy resistance 1, electricity resistance, unbreathing,
petrification resistance, rot immunity, AC +6
a: Renounce Religion


You were on level 2 of the Dungeon.
You worshipped Okawaru.
Okawaru was noncommittal.
You were not hungry.

You visited 2 branches of the dungeon, and saw 3 of its levels.

You collected 78 gold pieces.

Inventory:

Hand Weapons
 a - a +0 long sword (weapon)
Missiles
 g - 3 tomahawks (quivered)
Armour
 b - a +1 cloak (worn)
 c - a +0 shield (worn)
 e - a cursed +0 plate armour (worn)
Scrolls
 h - a scroll of enchant armour {unknown}
 i - a scroll of identify {unknown}
 k - 2 scrolls of amnesia {unknown}
 l - 2 scrolls of remove curse {unknown}
 m - a scroll of fear {unknown}
 n - 2 scrolls of teleportation {unknown}
Comestibles
 f - 2 rations


   Skills:
 + Level 7.3 Fighting
 + Level 6.4 Long Blades
 + Level 2.0 Throwing
 + Level 7.1 Armour
 + Level 8.1 Shields


You had 8 spell levels left.
You didn't know any spells.
Your spell library was empty.

Dungeon Overview and Level Annotations

Branches:
Dungeon (2/3)              Temple (1/1) D:1
  Swamp: D:2-3       Shoals: D:2-3        Snake: D:2-3       Spider: D:2-3
  Slime: D:2-3          Orc: D:2         Vaults: D:2-3

Altars:
Ashenzari
Cheibriados
Dithmenos
Elyvilon
Fedhas
Gozag
Hepliaklqana
Kikubaaqudgha
Makhleb
Nemelex Xobeh
Okawaru
Qazlal
Ru
Sif Muna
Trog
Uskayaw
Vehumet
Wu Jian
Xom
Yredelemnul
Zin
The Shining One

Annotations:
D:2 Sigmund


Innate Abilities, Weirdness & Mutations

You are resistant to torment.
Your stone body is resilient. (AC +6)
You are immune to poison.
You resist negative energy. (rN+)
You are resistant to electric shocks. (rElec)
You can survive without breathing.
You are immune to petrification.
You are immune to rotting.


Message History

Your plate armour prevents you from hitting the wraith.
The wraith is moderately damaged.
Sigmund points at you and mumbles some strange words.
You are confused.
The phantasmal warrior barely misses you.
The wraith hits you. The wraith drains your vigour!
You feel as though you will be slow longer.
Okay, then.
You're too confused!
You slash Sigmund!
Sigmund is severely wounded.
Sigmund says, "You will soon forget everything."
Sigmund drinks a potion.
Sigmund is healed!
An orc warrior comes into view. It is wielding a +0 flail.
The phantasmal warrior hits you!!
* * * LOW HITPOINT WARNING * * *
Your magical defenses are stripped away!
The wraith hits you but does no damage. Sigmund hits you but does no damage.
The phantasmal warrior hits you!
You die...

###### ## .....
.# ...# .#
##.##.#
.####...#.#
......?W@.####.#
####.(W$@.....#
##)##.####.#
#.######.# .#
.......<.# .#
#..####### .# o#
.# .#


You could see a phantasmal warrior, a wraith, Sigmund and an orc warrior
(wandering).

Vanquished Creatures
  2 sky beasts (D:1)
  A bullfrog (D:1)
  2 scorpions (D:1)
  A howler monkey (D:1)
  2 orc wizards (D:1)
  2 iguanas (D:1)
  A worker ant (D:1)
  An ooze (D:1)
  A leopard gecko (D:1)
  8 orcs
  A giant cockroach (D:1)
  A quokka (D:1)
  A jackal skeleton (D:1)
24 creatures vanquished.

Notes
Turn   | Place    | Note
-------+----------+-------------------------------------------
     0 | D:1      | Dorkslayer the Gargoyle Fighter began the quest for the
                  | Orb.
     0 | D:1      | Reached XP level 1. HP: 14/14 MP: 1/1
    25 | D:1      | Noticed a worker ant
    30 | D:1      | Killed a worker ant
    30 | D:1      | Reached skill level 4 in Shields
    30 | D:1      | Reached XP level 2. HP: 16/20 MP: 2/2
    30 | D:1      | Reached XP level 3. HP: 19/24 MP: 3/3
    30 | D:1      | Reached XP level 4. HP: 24/30 MP: 4/4
    30 | D:1      | Reached XP level 5. HP: 27/34 MP: 5/5
    75 | D:1      | Reached skill level 5 in Fighting
    75 | D:1      | Reached skill level 5 in Shields
    75 | D:1      | Reached XP level 6. HP: 38/40 MP: 6/6
   104 | D:1      | Reached skill level 5 in Armour
   104 | D:1      | Reached XP level 7. HP: 44/44 MP: 7/7
   108 | D:1      | Reached skill level 6 in Shields
   125 | D:1      | Reached XP level 8. HP: 49/51 MP: 8/8
   181 | D:1      | Reached skill level 1 in Throwing
   181 | D:1      | Reached skill level 7 in Shields
   216 | D:1      | Reached skill level 5 in Long Blades
   216 | D:1      | Reached XP level 9. HP: 45/56 MP: 9/9
   340 | D:1      | Reached skill level 8 in Shields
   410 | D:1      | Found a glowing silver altar of Zin.
   412 | D:1      | Found a deep blue altar of Sif Muna.
   414 | D:1      | Found a white marble altar of Elyvilon.
   451 | D:1      | Found a radiant altar of Vehumet.
   459 | D:1      | Found a sacrificial altar of Ru.
   470 | D:1      | Found a staircase to the Ecumenical Temple.
   491 | Temple   | Entered the Ecumenical Temple
   852 | D:1      | Found an iron altar of Okawaru.
   854 | D:1      | Found a bloodstained altar of Trog.
   860 | D:1      | Became a worshipper of Warmaster Okawaru
   951 | D:2      | Noticed Sigmund
   953 | D:2      | Noticed a phantasmal warrior
   970 | D:2      | Slain by a phantasmal warrior

Skill      XL: |  1  2  3  4  5  6  7  8  9 |
---------------+----------------------------+-----
Fighting       | 4 5 6 7 |  7.3
Long Blades    | 2 3 5 6 |  6.4
Armour         | 4 5 6 7 |  7.1
Shields        | 4 5 6 7 8 |  8.1
Throwing       | 1 2 |  2.0

Action                   |  1- 3 |  4- 6 |  7- 9 || total
-------------------------+-------+-------+-------++-------
Melee: Long sword        |     4 |    12 |    89 ||   105
Throw: Tomahawk          |       |     4 |     5 ||     9
  Use: Potion            |       |     1 |     4 ||     5
Armor: Plate armour      |     1 |     7 |    61 ||    69
Dodge: Dodged            |     1 |     2 |    20 ||    23
Block: Shield            |     4 |     3 |    44 ||    51
       Rpst.: Long sword |     1 |     1 |     7 ||     9
